 Dungeon Crawl Stone Soup version 0.30-b1-2-g02819fbbbe (webtiles) character file.

Game seed: 16371700058902600828

144 Alarkh the Insei (level 5, -1/41 HPs)
             Began as a Demonspawn Delver on May 22, 2023.
             Slain by a phantom (7 damage)
             ... on level 5 of the Dungeon.
             The game lasted 00:01:08 (154 turns).

Alarkh the Insei (Demonspawn Delver)                 Turns: 154, Time: 00:01:08

Health: -1/41      AC:  3    Str: 12    XL:     5   Next: 5%
Magic:  5/5        EV: 11    Int: 14    God:
Gold:   0          SH:  0    Dex: 14    Spells: 4/4 levels left

rFire   . .          .
                       - Unarmed
rCold   . . .        (no shield)
rNeg    . . .        a - +0 leather armour
rPois   .            (no helmet)
rElec   .            (no cloak)
rCorr   .            (no gloves)
SInv    .            (no boots)
Will    .....        (no amulet)
Stlth   ++           (no ring)
HPRegen 0.26/turn    (no ring)
MPRegen 0.09/turn

%: no passive effects
@: mighty, lethally poisoned (-1 -> -6)
A: ignite blood 1, powered by pain 2
a: no special abilities


You were on level 5 of the Dungeon.
You visited 1 branch of the dungeon, and saw 1 of its levels.

Inventory:

Armour
 a - a +0 leather armour (worn)
Jewellery
 g - a ring of fire
Wands
 f - a wand of digging (3)
Scrolls
 b - a scroll of fog
 c - a scroll of magic mapping
 d - a scroll of fear


   Skills:
 - Level 3.0 Fighting
 - Level 1.7 Dodging
 - Level 4.5 Stealth
 + Level 4.8 Unarmed Combat


You had 4 spell levels left.
You didn't know any spells.
Your spell library was empty.

Dungeon Overview and Level Annotations

Branches:
Dungeon (5/15)
 Temple: D:4-7

Altars:


Innate Abilities, Weirdness & Mutations

Your demonic aura sometimes causes spilled blood to erupt in flames.
You sometimes gain power by taking damage.


Message History

You closely miss the iguana.
The iguana is heavily wounded.
You barely miss the iguana.
The iguana is heavily wounded.
Your extra speed is starting to run out.
The iguana bites you!
* * * LOW HITPOINT WARNING * * *
You focus on the pain.
You feel very mighty all of a sudden.
You barely miss the iguana.
The iguana is heavily wounded.
You barely miss the iguana.
The iguana is heavily wounded.
The iguana closely misses you.
You punch the iguana!
You kill the iguana!
You have reached level 5!
You aren't carrying any potions.
Okay, then.
You feel yourself slow down.
You see here a poisoned dart.
h - a poisoned dart Throw: dart (poison)
Press: ? - help, Q - select action Shift-Dir - straight line, f - adder
Aim: an adder (40% to hit)
You throw a poisoned dart. The poisoned dart hits the adder.
The adder bites you but does no damage.
The phantom hits you but does no damage.
The adder bites you.
* * * LOW HITPOINT WARNING * * *
You barely miss the adder. The phantom closely misses you. The adder bites you.
* * * LOW HITPOINT WARNING * * *
You are poisoned.
The adder poisons you!
You miss the adder.
* * * LOW HITPOINT WARNING * * *
You feel sick. The adder bites you.
* * * LOW HITPOINT WARNING * * *
The phantom hits you!
You die...

#.#####.# #........##.#
#######.# ###.####.###.##.##.#
#.......###.....##.# #.##.##.#
#.####.W.##.....##.# #.......#
#.#.......#........# #.......#
#.#.#....S#.....#### #.##.##.#
.......##†#...(.######.##.##.#
.......##(###..SW.##.>.......#
...(#..##(###...@.##....##...#
..................##.........#
....#..#.####.....##..#..#..##
.##.#.!#.# #.....##..##.#..# .
.....#.# ########..# .# #
#.##.#. #... .. #.# #. ####
.## ..


You could see a phantom and an adder.

Vanquished Creatures
  2 scorpions (D:5)
  An iguana (D:5)
3 creatures vanquished.

Notes
Turn   | Place    | Note
-------+----------+-------------------------------------------
     0 | D:5      | Alarkh the Demonspawn Delver began the quest for the Orb.
     0 | D:5      | Reached XP level 1. HP: 18/18 MP: 1/1
    38 | D:5      | Noticed a scorpion
    53 | D:5      | Noticed a scorpion
    59 | D:5      | Killed a scorpion
    60 | D:5      | Gained mutation: You sometimes gain a little power by
                  | taking damage. [demonic ancestry]
    60 | D:5      | Reached XP level 2. HP: 24/24 MP: 2/2
    60 | D:5      | Gained mutation: You sometimes gain power by taking damage.
                  | [demonic ancestry]
    60 | D:5      | Reached XP level 3. HP: 29/29 MP: 3/3
    71 | D:5      | Noticed a phantom
   119 | D:5      | Killed a scorpion
   120 | D:5      | Gained mutation: Your demonic aura sometimes causes spilled
                  | blood to erupt in flames. [demonic ancestry]
   120 | D:5      | Reached XP level 4. HP: 17/35 MP: 4/4
   130 | D:5      | Reached XP level 5. HP: 6/41 MP: 5/5
   154 | D:5      | Slain by a phantom

Illustrated notes

Levels and vault maps discovered:
D:5:      layout_loops_cross, mainiacjoe_overflow_boulevard

Skill      XL: |  1  2  3 |
---------------+----------+-----
Unarmed Combat | 3 4 |  4.8
Fighting       | |  3.0
Dodging        | |  1.7
Stealth        | |  4.5

Action                     |  1- 3 |  4- 6 || total
---------------------------+-------+-------++-------
  Melee: Unarmed           |     3 |    10 ||    13
  Throw: Dart              |    14 |     3 ||    17
    Use: Potion            |     1 |       ||     1
 Armour: Leather armour    |     4 |     2 ||     6
  Dodge: Dodged            |     3 |     4 ||     7
